 Dungeon Crawl Stone Soup version 0.26.0-8-g74fc34ddfb (console) character file.

Game seed: 14356081750376759184

1406 om the Covered (level 8, -6/68 HPs)
             Began as a Hill Orc Fighter on Jan 12, 2021.
             Was a Follower of Beogh.
             Mangled by Prince Ribbit (12 damage)
             ... on level 5 of the Dungeon.
             The game lasted 00:12:22 (7012 turns).

om the Covered (Hill Orc Fighter)                   Turns: 7012, Time: 00:12:23

Health: -6/68      AC: 13    Str: 20    XL:     8   Next: 70%
Magic:  11/11      EV:  9    Int:  8    God:    Beogh [*.....]
Gold:   262        SH: 10    Dex: 11    Spells: 7/7 levels left

rFire    . . .     SeeInvis +   a - +1 war axe
rCold    . . .     Faith    .   c - +0 kite shield
rNeg     . . .     Spirit   .   b - +0 scale mail
rPois    .         Reflect  .   j - +0 helmet
rElec    .         Harm     .   (no cloak)
rCorr    .         Rampage  .   l - +0 pair of gloves
Will     .....                  t - +2 pair of boots
Stlth    ..........             e - amulet of regeneration
HPRegen  0.61/turn              q - ring of see invisible
MPRegen  0.12/turn              (no ring)

@: no status effects
A: no striking features
a: Renounce Religion


You were on level 5 of the Dungeon.
You worshipped Beogh.
Beogh was aware of your devotion.
You visited 1 branch of the dungeon, and saw 6 of its levels.

You collected 262 gold pieces.

Inventory:

Hand Weapons
 a - a +1 war axe (weapon)
Armour
 b - a +0 scale mail (worn)
 c - a +0 kite shield (worn)
 j - a +0 helmet (worn)
 l - a +0 pair of gloves (worn)
 t - a +2 pair of boots (worn)
Jewellery
 e - an amulet of regeneration (around neck)
 q - a ring of see invisible (left hand)
Scrolls
 d - a scroll of amnesia
 i - a scroll of blinking
 n - 2 scrolls of teleportation
 o - a scroll of enchant armour
 p - 3 scrolls of remove curse
Potions
 f - a potion of brilliance
 h - 2 potions of invisibility
 s - a potion of haste


   Skills:
 - Level 5.0 Fighting
 - Level 6.0 Axes
 * Level 6.8 Armour
 - Level 4.0 Dodging
 - Level 5.0 Shields
 - Level 5.0 Invocations


You had 7 spell levels left.
You didn't know any spells.
Your spell library was empty.

Dungeon Overview and Level Annotations

Branches:
Dungeon (6/15)
 Temple: D:4-7

Altars:
Fedhas
Makhleb
Ru
Wu Jian
Yredelemnul
Zin

Shops:
D:6 (

Annotations:
D:5 Prince Ribbit
D:6 Eustachio, Grinder


Message History

You miss Prince Ribbit. Prince Ribbit barely misses you.
Prince Ribbit hits you!
* * * LOW HITPOINT WARNING * * *
Prince Ribbit hits you!
* * * LOW HITPOINT WARNING * * *
Prince Ribbit barely misses you.
As you read the scroll labelled CELUICLOUL, it crumbles to dust.
It is a scroll of enchant weapon.
Your +0 war axe glows red for a moment.
You block Prince Ribbit's attack.
Prince Ribbit hits you but does no damage.
Prince Ribbit hits you!
* * * LOW HITPOINT WARNING * * *
You hit Prince Ribbit.
Prince Ribbit is lightly wounded.
Prince Ribbit hits you but does no damage.
Prince Ribbit hits you.
* * * LOW HITPOINT WARNING * * *
You barely miss Prince Ribbit.
Prince Ribbit is lightly wounded.
You block Prince Ribbit's attack. Prince Ribbit hits you!
You die...

..........##.........,,*
#..#**#..............,,*
#...###..............***
*#...................,***
*###...........#..##,,.*
###...........##..#*,.#*
##.............#,..##...**
..............##*.....,,,*
..............# *...,**,**
#>............###.##,,***
..............#F@..#,,*
..#####...........##,**
#.....#......##...#*,,*
#ยง###.#...##..........**
#.#*#.#...###.####....,*
...##.#...# ### *....#*
._.......## *#####
...###.#.# #.## #.### #.*
#.# ,,***#.#


You could see Prince Ribbit.

Vanquished Creatures
  Sigmund (D:4)
  A sky beast (D:5)
  An ice beast (D:5)
  3 ogres
  2 lemures (D:5)
  3 scorpions
  A bullfrog zombie (D:5)
  2 orc wizards (D:4)
  2 bullfrog skeletons (D:5)
  3 hounds
  2 orc priests (D:4)
  Terence (D:2)
  3 worker ants
  A hound skeleton (D:4)
  2 worker ant zombies (D:5)
  A gnoll (D:2)
  10 adders
  3 white imps
  An adder zombie (D:5)
  3 worms
  3 dart slugs
  5 leopard geckos
  11 orcs
  A ball python (D:2)
  7 giant cockroaches
  7 goblins
  8 hobgoblins
  8 jackals
  8 kobolds
  4 quokkas
  9 bats
  7 frilled lizards
  10 rats
134 creatures vanquished.

Notes
Turn   | Place    | Note
-------+----------+-------------------------------------------
     0 | D:1      | om the Hill Orc Fighter began the quest for the Orb.
     0 | D:1      | Reached XP level 1. HP: 19/19 MP: 1/1
   156 | D:1      | Reached XP level 2. HP: 21/27 MP: 2/2
   641 | D:1      | Reached XP level 3. HP: 33/33 MP: 3/3
  1096 | D:1      | Reached skill level 1 in Dodging
  1394 | D:2      | Found a blossoming altar of Fedhas.
  1691 | D:2      | Found a burning altar of Makhleb.
  1695 | D:2      | Noticed a cacodemon
  1696 | D:2      | Found a glowing silver altar of Zin.
  1696 | D:2      | Noticed an angel
  1770 | D:2      | Reached XP level 4. HP: 40/40 MP: 4/4
  2094 | D:2      | Found an ornate altar of the Wu Jian Council.
  2129 | D:2      | Found a faded altar of an unknown god.
  2606 | D:3      | Noticed Terence
  2615 | D:2      | Killed Terence
  2616 | D:2      | Reached XP level 5. HP: 40/46 MP: 5/5
  2728 | D:3      | Became a worshipper of Beogh the Brigand
  3484 | D:4      | Noticed Sigmund
  3510 | D:4      | Killed Sigmund
  3511 | D:4      | Reached skill level 5 in Axes
  3511 | D:4      | Reached XP level 6. HP: 15/53 MP: 6/6
  4115 | D:4      | Reached skill level 5 in Armour
  4115 | D:4      | Reached XP level 7. HP: 60/60 MP: 7/7
  4318 | D:4      | HP: 1/60 [orc priest/divine providence (9)]
  4888 | D:4      | Reached skill level 5 in Fighting
  5276 | D:4      | Reached skill level 5 in Shields
  5277 | D:4      | Reached skill level 1 in Invocations
  5324 | D:4      | Reached XP level 8. HP: 68/68 MP: 8/8
  5533 | D:5      | Entered Level 5 of the Dungeon
  5535 | D:5      | Reached * piety under Beogh
  5594 | D:5      | Found a sacrificial altar of Ru.
  6233 | D:5      | Found a blossoming altar of Fedhas.
  6279 | D:6      | Noticed Prince Ribbit
  6304 | D:5      | Reached skill level 5 in Invocations
  6538 | D:5      | Found a blossoming altar of Fedhas.
  6835 | D:5      | Found a sacrificial altar of Ru.
  6838 | D:6      | Found a basalt altar of Yredelemnul.
  6838 | D:6      | Noticed Eustachio
  6838 | D:6      | Noticed Grinder
  6840 | D:6      | Found Zuekijad's Weapon Boutique.
  6855 | D:6      | Paralysed by Grinder for 2 turns
  6985 | D:6      | Paralysed by Grinder for 4 turns
  7012 | D:5      | Mangled by Prince Ribbit

Illustrated notes

Levels and vault maps discovered:
D:1:      shiori_arrival_maze, layout_basic
D:2:      layout_loops_ring, grunt_temple_overflow_order_and_chaos_2,
          overflow_temple_1_default, chequers_ecumenical_altar_grove,
          st_stairs_4, fedhas_altar_2
D:3:      layout_loops_ring, uniq_terence
D:4:      minmay_razor_zed, layout_basic, minmay_misc_feat_cross, uniq_sigmund
D:5:      layout_cave_pools, nicolae_overflow_crystal_walls,
          kennysheep_little_box
D:6:      layout_rooms, marbit_many_paths, yredelemnul_altar_generic,
          grunt_temple_overflow_open, minmay_temple_entry_drinking_statues,
          serial_shops, nicolae_shop_waterfront, grunt_ministairs_8,
          uniq_prince_ribbit1, uniq_eustachio, uniq_pikel, uniq_grinder

Skill      XL: |  1  2  3  4  5  6  7  8 |
---------------+-------------------------+-----
Axes           | 3 4 5 6 |  6.0
Dodging        | 1 2 4 |  4.0
Fighting       | 4 5 |  5.0
Armour         | 4 5 6 |  6.8
Shields        | 4 5 |  5.0
Invocations    | 1 5 |  5.0

Action                   |  1- 3 |  4- 6 |  7- 9 || total
-------------------------+-------+-------+-------++-------
Melee: War axe           |   109 |   155 |   279 ||   543
Invok: Convert to Beogh  |       |     1 |       ||     1
  Use: Scroll            |       |     3 |     9 ||    12
       Potion            |       |     1 |     2 ||     3
 Stab: Sleeping          |       |     1 |       ||     1
Armor: Scale mail        |    20 |    22 |   190 ||   232
       Leather armour    |    15 |    25 |       ||    40
Dodge: Dodged            |    33 |    49 |   132 ||   214
Block: Kite shield       |    45 |    82 |   236 ||   363
